 Dungeon Crawl Stone Soup version 0.30-a0-824-g6c64550be9 (webtiles) character file.

Game seed: 8104337614374714201

52 cforsyth the Sneak (level 4, -1/27 HPs)
             Began as a Kobold Brigand on Feb 28, 2023.
             Killed by divine providence
             ... invoked by an orc priest
              (7 damage)
             ... on level 3 of the Dungeon.
             The game lasted 00:01:01 (1295 turns).

cforsyth the Sneak (Kobold Brigand)                 Turns: 1295, Time: 00:01:02

Health: -1/27      AC:  3    Str:  8    XL:     4   Next: 8%
Magic:  4/4        EV: 15    Int: 12    God:
Gold:   101        SH:  0    Dex: 18    Spells: 3/3 levels left

rFire   . . .      SeeInvis .    l - +0 short sword (speed)
rCold   . . .      Faith    .    (no shield)
rNeg    . . .      Spirit   .    b - +0 robe
rPois   .          Reflect  .    (no helmet)
rElec   .          Harm     .    c - +0 cloak
rCorr   .          Rampage  .    (no gloves)
Will    .....                    (no boots)
Stlth   ++++                     (no amulet)
HPRegen 0.24/turn                (no ring)
MPRegen 0.09/turn                (no ring)

@: no status effects
A: small, no large weapons, nightstalker 3
a: no special abilities


You were on level 3 of the Dungeon.
You visited 1 branch of the dungeon, and saw 3 of its levels.

You collected 101 gold pieces.

Inventory:

Hand Weapons
 a - a +2 dagger
 l - a +0 short sword of speed (weapon)
Missiles
 d - 9 poisoned darts (quivered)
 e - 3 curare-tipped darts
Armour
 b - a +0 robe (worn)
 c - a +0 cloak (worn)
Jewellery
 p - a ring of magical power
Scrolls
 f - 2 scrolls of identify {unknown}
 g - 2 scrolls of noise {unknown}
 h - a scroll of amnesia {unknown}
 j - 2 scrolls of teleportation {unknown}
 k - a scroll of vulnerability {unknown}
 m - a scroll of immolation {unknown}
 n - 5 scrolls of fear {unknown}
 q - a scroll of enchant armour {unknown}
Potions
 i - a potion of heal wounds {unknown}
 o - a potion of lignification {unknown}


   Skills:
 + Level 2.9 Fighting
 + Level 3.5 Short Blades
 - Level 2.1 Throwing
 + Level 2.4 Dodging
 + Level 5.8 Stealth


You had 3 spell levels left.
You didn't know any spells.
Your spell library was empty.

Dungeon Overview and Level Annotations

Branches:
Dungeon (3/15)

Altars:


Innate Abilities, Weirdness & Mutations

You are small and have problems with some larger weapons.
You are completely attuned to the shadows.


Message History

An orc is nearby!
An orc is nearby!
Found a scroll labelled BOSCHU TEICZO.
The orc shouts!
You hear a shout! x2
An orc priest comes into view. It is wielding a +0 short sword.
The orc priest shouts! 2 orcs come into view.
The orc shouts!
You hear a shout!
An orc wizard comes into view. It is wielding a +0 dagger.
There is a stone staircase leading down here.
You closely miss the orc. You hit the orc but do no damage.
The orc priest looks encouraged for a moment.
The orc completely misses you.
You barely miss the orc. You closely miss the orc.
The orc hits you with a +0 hand axe.
You hit the orc priest.
The orc priest is lightly wounded.
You hit the orc priest but do no damage.
The orc priest is lightly wounded.
The orc priest misses you. The orc hits you with a +0 hand axe.
The orc wizard gestures at you while chanting.
The puff of flame hits you!
* * * LOW HITPOINT WARNING * * *
The orc priest attacks as you move away!
The orc priest hits you with a +0 short sword.
* * * LOW HITPOINT WARNING * * *
The orc attacks as you move away! The orc barely misses you.
The orc hits you but does no damage.
The orc priest looks braver for a moment.
The orc attacks as you move away! The orc completely misses you.
The orc attacks as you move away! The orc hits you with a +0 club.
* * * LOW HITPOINT WARNING * * *
The orc barely misses you. The orc attacks as you move away!
The orc closely misses you.
There is a stone staircase leading up here.
The orc misses you.
The orc priest invokes the aid of Beogh against you.
Beogh smites you!
You die...

...
#..#######.#
.....$.....#
.?.........
....>o...#
...#.o.o.#
.. #..oo@# .
#.......#
.........#
...##..#.#
... #....#


You could see an orc priest, an orc wizard and 3 orcs.

Vanquished Creatures
  Terence (D:2)
  A worm (D:2)
  2 ball pythons (D:1)
  2 endoplasms
  A giant cockroach (D:1)
  4 hobgoblins
  3 jackals (D:2)
  A quokka (D:2)
  4 bats
  A frilled lizard (D:1)
  A kobold (D:1)
21 creatures vanquished.

Notes
Turn   | Place    | Note
-------+----------+-------------------------------------------
     0 | D:1      | cforsyth the Kobold Brigand began the quest for the Orb.
     0 | D:1      | Reached XP level 1. HP: 12/12 MP: 1/1
   419 | D:1      | Reached XP level 2. HP: 18/18 MP: 2/2
  1049 | D:2      | Reached XP level 3. HP: 22/22 MP: 3/3
  1132 | D:2      | Noticed Terence
  1138 | D:2      | Killed Terence
  1139 | D:2      | Reached XP level 4. HP: 27/27 MP: 4/4
  1295 | D:3      | Killed from afar by an orc priest

Illustrated notes

Levels and vault maps discovered:
D:1:      dpeg_arrival_refuge, layout_basic, minivault_14, fountainhead
D:2:      layout_rooms, uniq_terence
D:3:      layout_basic, amethyst_overflow_temple_binary,
          mainiacjoe_overflow_cross_hatched, nemelex_spade_bored_becter,
          serial_shops, shop_fountains, kennysheep_crisscross, nrook_campfire,
          chequers_big_river, minmay_misc_feat_tiny, dk_noncrumbling_2,
          kennysheep_generic_room_14, uniq_grinder, uniq_crazy_yiuf_cottage,
          uniq_natasha, uniq_jessica

Skill      XL: |  1  2 |
---------------+-------+-----
Short Blades   | 3 |  3.5
Dodging        | 2 |  2.4
Fighting       | |  2.9
Throwing       | |  2.1
Stealth        | |  5.8

Action                     |  1- 3 |  4- 6 || total
---------------------------+-------+-------++-------
  Melee: Dagger            |     6 |       ||     6
         Short sword       |    44 |     7 ||    51
   Stab: Sleeping          |    13 |     1 ||    14
 Armour: Robe              |     5 |     1 ||     6
  Dodge: Dodged            |    24 |     7 ||    31

Table legend: (Time is in decaauts)
 A = Elapsed time spent in this place.
 B = Non-inter-level travel time spent in this place.
 C = Inter-level travel time spent in this place.
 D = Time resting spent in this place.
 E = Time spent auto-exploring this place.
 F = Levels seen in this place.
 G = Mean time per level.
                   A        B        C        D        E       F      G
               +--------+--------+--------+--------+--------+-----+--------+
         Total |   1269 |   1236 |     33 |      0 |   1097 |   3 |  423.0 |
       Dungeon |   1269 |   1236 |     33 |      0 |   1097 |   3 |  423.0 |
               +--------+--------+--------+--------+--------+-----+--------+

Top non-repeatable levels by time:
     D:1: 712 daAuts
     D:2: 544 daAuts
     D:3: 11 daAuts
